 Dungeon Crawl Stone Soup version 0.30-a0-600-gb7c8574cbb (webtiles) character file.

Game seed: 12647177754119550445

35 BlackLaughter the Covered (level 3, -1/24 HPs)
             Began as a Gargoyle Fighter on Jan 7, 2023.
             Killed from afar by Natasha (6 damage)
             ... with a magic dart
             ... on level 3 of the Dungeon.
             The game lasted 00:06:35 (1461 turns).

BlackLaughter the Covered (Gargoyle Fighter)        Turns: 1461, Time: 00:06:35

Health: -1/24      AC:  3    Str: 21    XL:     3   Next: 33%
Magic:  3/3        EV: 10    Int:  8    God:
Gold:   40         SH:  4    Dex:  9    Spells: 2/2 levels left

rFire   . . .      SeeInvis .    a - +0 flail
rCold   . . .      Faith    .    c - +0 buckler
rNeg    + . .      Spirit   .    (no body armour)
rPois   ∞          Reflect  .    (no helmet)
rElec   +          Harm     .    e - scarf {repulsion}
rCorr   .          Rampage  .    (no gloves)
Will    .....                    (no boots)
Stlth   +                        (no amulet)
HPRegen 0.24/turn                (no ring)
MPRegen 0.08/turn                (no ring)

@: slowed, repel missiles, very slow
A: sickness immunity, AC +3, negative energy resistance 1, electricity
resistance, torment resistance 1, petrification resistance
a: no special abilities


You were on level 3 of the Dungeon.
You visited 1 branch of the dungeon, and saw 3 of its levels.

You collected 82 gold pieces.
You spent 42 gold pieces at shops.

Inventory:

Hand Weapons
 a - a +0 flail (weapon)
 p - a +0 dagger
Armour
 b - a +0 scale mail
 c - a +0 buckler (worn)
 e - a scarf of repulsion (worn)
Jewellery
 i - a ring of see invisible
Scrolls
 f - 2 scrolls of teleportation {unknown}
 h - a scroll of amnesia {unknown}
 j - a scroll of noise {unknown}
 l - 2 scrolls of enchant armour {unknown}
 m - 2 scrolls of fear {unknown}
 n - a scroll of magic mapping {unknown}
 q - a scroll of fog {unknown}
Potions
 d - 3 potions of might
 g - a potion of curing
 k - a potion of mutation {unknown}
 o - a potion of heal wounds {unknown}


   Skills:
 + Level 3.7 Fighting
 + Level 2.4 Maces & Flails
 + Level 3.9 Armour
 + Level 3.5 Shields


You had 2 spell levels left.
You didn't know any spells.
Your spell library was empty.

Dungeon Overview and Level Annotations

Branches:
Dungeon (2/15)

Altars:

Shops:
D:1 !

Annotations:
D:3 Natasha


Innate Abilities, Weirdness & Mutations

You are immune to sickness and miasma.
Your stone body is resilient. (AC +3)
You are immune to poison.
You resist negative energy. (rN+)
You are resistant to electric shocks. (rElec)
You are resistant to unholy torment.
You are immune to petrification.


Message History

Natasha barely misses you.
You barely miss Natasha. You block Natasha's attack. Natasha claws you.
Natasha casts a spell at you. You resist with significant effort.
You block the shadow imp's attack.
You sock Natasha!
Natasha is severely wounded.
Natasha claws you but does no damage.
Natasha wildly gestures.
You feel troubled. Natasha claws you. The shadow imp closely misses you.
Natasha mumbles some strange words.
The shadow imp completely misses you.
You barely miss Natasha.
Natasha is severely wounded.
Natasha closely misses you. You block Natasha's attack.
The shadow imp hits you.
* * * LOW HITPOINT WARNING * * *
Natasha closely misses you. The shadow imp closely misses you.
You feel better. Natasha claws you but does no damage.
Natasha completely misses you. The shadow imp closely misses you.
The shadow imp summons a swarm of flies.
Natasha mumbles some strange words.
Natasha shimmers violently.
Natasha stares at you and mumbles some strange words.
The magic dart hits you.
* * * LOW HITPOINT WARNING * * *
You barely miss Natasha.
Natasha is severely wounded.
Natasha claws you.
* * * LOW HITPOINT WARNING * * *
The shadow imp hits you but does no damage.
You block Natasha's attack. The shadow imp barely misses you.
Natasha closely misses you.
You closely miss Natasha.
Natasha is severely wounded.
Natasha claws you but does no damage. The shadow imp barely misses you.
The shadow imp sputters.
Natasha stares at you and mumbles some strange words.
The magic dart hits you.
You die...

#.# #.#
..#####.#
........#
..#####.#
##.###
#....#
#.##.#
#@# ...
#5h5####
..#.#
##.#...
#.# ##.
#.# # #.#
..#


You could see Natasha (fast) and 2 shadow imps.

Vanquished Creatures
  2 dart slugs (D:1)
  2 ball pythons
  3 bats (D:2)
  3 endoplasms
  5 goblins
  4 jackals (D:1)
  A quokka (D:1)
  A frilled lizard (D:1)
  3 kobolds
  3 rats
27 creatures vanquished.

Notes
Turn   | Place    | Note
-------+----------+-------------------------------------------
     0 | D:1      | BlackLaughter the Gargoyle Fighter began the quest for the
                  | Orb.
     0 | D:1      | Reached XP level 1. HP: 14/14 MP: 1/1
   141 | D:1      | Reached XP level 2. HP: 19/19 MP: 2/2
   591 | D:1      | Reached XP level 3. HP: 23/23 MP: 3/3
   978 | D:1      | Found Ceoc Madymm's Distillery.
   986 | D:1      | Bought a potion of curing for 42 gold pieces
  1440 | D:2      | You fall into a shaft and drop 1 floor!
  1452 | D:3      | Noticed Natasha
  1461 | D:3      | Killed from afar by Natasha

Illustrated notes

Levels and vault maps discovered:
D:1:      eino_arrival_tree_alley, layout_basic, serial_shops, shop
D:2:      layout_basic, kennysheep_generic_room_8
D:3:      layout_basic, nemelex_dance_club_becter, uniq_natasha, uniq_terence

Action                   || total
-------------------------++-------
Melee: Flail             ||    87
  Use: Potion            ||     1
Armor: Scale mail        ||    74
       Skin              ||     4
Dodge: Dodged            ||    65
       Repelled          ||     1
Block: Buckler           ||    19

Table legend: (Time is in decaauts)
 A = Elapsed time spent in this place.
 B = Non-inter-level travel time spent in this place.
 C = Inter-level travel time spent in this place.
 D = Time resting spent in this place.
 E = Time spent auto-exploring this place.
 F = Levels seen in this place.
 G = Mean time per level.
                   A        B        C        D        E       F      G
               +--------+--------+--------+--------+--------+-----+--------+
         Total |   1494 |   1409 |     85 |      0 |   1157 |   3 |  498.0 |
       Dungeon |   1494 |   1409 |     85 |      0 |   1157 |   3 |  498.0 |
               +--------+--------+--------+--------+--------+-----+--------+

Top non-repeatable levels by time:
     D:1: 1196 daAuts
     D:2: 269 daAuts
     D:3: 28 daAuts
